 Dungeon Crawl Stone Soup version 0.28.0-62-gf88900778d (webtiles) character file.

Game seed: 6013922512521945323

41 hwolsky the Chiller (level 3, 0/24 HPs)
             Began as a Merfolk Ice Elementalist on Apr 29, 2022.
             Was a Follower of Okawaru.
             Slain by an adder (1 damage)
             ... on level 2 of the Dungeon on Apr 5, 2023.
             The game lasted 00:08:53 (1617 turns).

hwolsky the Chiller (Merfolk Ice Elementalist)      Turns: 1617, Time: 00:08:53

Health: 0/24       AC:  3    Str: 10    XL:     3   Next: 52%
Magic:  6/6        EV:  9    Int: 14    God:    Okawaru [*.....]
Gold:   86         SH: 12    Dex: 20    Spells: 5/6 levels left

rFire   + . .      SeeInvis .   b - +3 whip
rCold   + . .      Faith    +   h - +0 tower shield
rNeg    . . .      Spirit   .   a - +1 robe
rPois   +          Reflect  .   (no helmet)
rElec   +          Harm     .   (no cloak)
rCorr   +          Rampage  .   (no gloves)
Will    .....                   (no boots)
Stlth   ++........              k - amulet of faith
HPRegen 0.08/turn               f - +6 ring of dexterity
MPRegen 0.10/turn               (no ring)

@: resistant
A: (nimble swimmer 2), mertail
a: Renounce Religion, Heroism


You were on level 2 of the Dungeon.
You worshipped Okawaru.
Okawaru was aware of your devotion.
You visited 1 branch of the dungeon, and saw 2 of its levels.

You collected 86 gold pieces.

Inventory:

Hand Weapons
 b - a +3 whip (weapon)
Missiles
 c - 22 arrows
 d - 120 stones
 e - 4 poisoned darts (quivered)
Armour
 a - a +1 robe (worn)
 g - a +0 ring mail
 h - a +0 tower shield (worn)
Magical Staves
 l - a staff of fire
Jewellery
 f - a +6 ring of dexterity (left hand)
 k - an amulet of faith (around neck)
Scrolls
 j - a scroll of fog {unknown}


   Skills:
 + Level 0.5 Maces & Flails
 + Level 3.1 Dodging
 + Level 2.4 Stealth
 + Level 0.1 Shields
 + Level 0.4 Unarmed Combat
 + Level 2.1 Spellcasting
 + Level 5.1 Ice Magic


You had 5 spell levels left.
You knew the following spells:

 Your Spells              Type           Power      Damage    Failure   Level
a - Freeze                Ice            60%        1d8       47%         1

Your spell library contained the following spells:

 Spells                   Type           Power      Damage    Failure   Level
 Frozen Ramparts          Ice            30%        1d5       85%         3
 Ozocubu's Armour         Ice            15%        N/A       85%         3
 Hailstorm                Conj/Ice       8%         3d4       100%        4


Dungeon Overview and Level Annotations

Branches:
Dungeon (2/15)

Altars:
Okawaru


Innate Abilities, Weirdness & Mutations

((You are very nimble when in or above water. (Stealth+, EV+, Speed+++)))
Your lower body shifts to a powerful aquatic tail in water.


Message History

You hit the adder.
The adder is heavily wounded.
You block the adder's attack. The adder barely misses you.
You miss the adder.
The adder is heavily wounded.
The adder bites you. x2
The endoplasm freezes you.
You are frozen.
You hit the adder.
The adder is severely wounded.
You block the adder's attack. The endoplasm barely misses you.
The adder bites you.
You hit the endoplasm.
The endoplasm is lightly wounded.
The adder bites you but does no damage. The endoplasm freezes you.
You are frozen.
* * * LOW HITPOINT WARNING * * *
You block the adder's attack.
The endoplasm hits you but does no damage.
Your magical contamination has completely faded away.
It was a potion of resistance.
You feel protected. You block the adder's attack. The endoplasm freezes you.
You are frozen.
You resist.
* * * LOW HITPOINT WARNING * * *
You block the adder's attack.
You hit the adder.
The adder is almost dead.
You block the adder's attack.
The endoplasm hits you but does no damage.
The adder bites you.
* * * LOW HITPOINT WARNING * * *
You barely miss the adder.
The adder is almost dead.
You block the endoplasm's attack. The adder bites you.
* * * LOW HITPOINT WARNING * * *
The endoplasm closely misses you. The adder bites you.
You die...

#.#..#
#.#..###
#......##
.......##
##.......# .
#........###
###..JS....#..
#...#@...(...
#.......##
#.......#
#.......# ##
##......#####
#. ##...#.##..
... #.###..#.#
... #...##.#.#
. ###.##...#


You could see an adder and an endoplasm.

Vanquished Creatures
  2 dart slugs
  3 endoplasms
  2 giant cockroaches
  4 goblins (D:1)
  4 hobgoblins (D:1)
  7 kobolds
  A quokka (D:2)
  2 ball pythons (D:1)
  3 bats (D:1)
  A frilled lizard (D:1)
  4 rats
33 creatures vanquished.

Notes
Turn   | Place    | Note
-------+----------+-------------------------------------------
     0 | D:1      | hwolsky the Merfolk Ice Elementalist began the quest for
                  | the Orb.
     0 | D:1      | Reached XP level 1. HP: 13/13 MP: 3/3
   133 | D:1      | Reached XP level 2. HP: 15/19 MP: 5/5
   277 | D:1      | Found a faded altar of an unknown god.
   294 | D:1      | Prayed at the altar of an unknown god.
   294 | D:1      | Became a worshipper of Warmaster Okawaru
   294 | D:1      | Reached * piety under Okawaru
   593 | D:1      | Reached skill level 5 in Ice Magic
   755 | D:1      | Reached XP level 3. HP: 19/24 MP: 6/6
   998 | D:1      | Upgraded the game from 0.28.0-47-ge53b351184 to
                  | 0.28.0-62-gf88900778d
  1617 | D:2      | HP: 1/24 [adder (2)]
  1617 | D:2      | Slain by an adder

Illustrated notes

Levels and vault maps discovered:
D:1:      kennysheep_arrival_forest, layout_basic, ebering_ecumenical_altar_mist
D:2:      layout_rooms, serial_shops, shop, nicolae_figureground_sparkle

Skill      XL: |  1  2 |
---------------+-------+-----
Dodging        | 3 |  3.1
Ice Magic      | 5 |  5.1
Maces & Flails | |  0.5
Stealth        | |  2.4
Shields        | |  0.1
Unarmed Combat | |  0.4
Spellcasting   | |  2.1

Action                   || total
-------------------------++-------
Melee: Whip              ||    75
       Unarmed           ||     5
Throw: Dart              ||     1
 Cast: Freeze            ||     4
  Use: Potion            ||     4
       Scroll            ||     2
 Stab: Sleeping          ||     3
Armor: Robe              ||    17
Dodge: Dodged            ||    37
Block: Tower shield      ||    21
